 Dungeon Crawl Stone Soup version 0.29.0-4-gdea44cf6ec (webtiles) character file.

Game seed: 16229905462621445410

327 qw the Chopper (level 6, -4/35 HPs)
             Began as a Tengu Warper on Aug 28, 2022.
             Slain by Sigmund
             ... wielding a +0 scythe
              (5 damage)
             ... on level 5 of the Dungeon.
             The game lasted 00:00:21 (3471 turns).

qw the Chopper (Tengu Warper)                       Turns: 3471, Time: 00:00:22

Health: -4/35      AC: 15    Str: 13    XL:     6   Next: 50%
Magic:  10/10      EV:  9    Int: 13    God:
Gold:   89         SH:  0    Dex: 14    Spells: 9/9 levels left

rFire   . . .      SeeInvis .   Y - +1 war axe
rCold   . . .      Faith    .   (no shield)
rNeg    . . .      Spirit   .   n - +1 plate armour
rPois   .          Reflect  .   (helmet restricted)
rElec   .          Harm     .   (no cloak)
rCorr   .          Rampage  .   d - +2 pair of gloves
Will    .....                   (boots unavailable)
Stlth   ..........              (no amulet)
HPRegen 0.11/turn               b - +4 ring of evasion
MPRegen 0.12/turn               (no ring)

@: flying quickly and evasively, quick
A: beak, talons 3, nimble flight
a: no special abilities


You were on level 5 of the Dungeon.
You visited 1 branch of the dungeon, and saw 5 of its levels.

You collected 201 gold pieces.
You spent 112 gold pieces at shops.


Innate Abilities, Weirdness & Mutations

You have a beak for a mouth.
You have claws for feet.
Your magical nature lets you fly swiftly and evasively.


   Skills:
 - Level 2.0 Fighting
 + Level 6.5 Axes
 - Level 1.0 Throwing
 - Level 3.3 Armour
 - Level 2.1 Dodging
 - Level 2.0 Spellcasting
 - Level 2.4 Translocations


You had 9 spell levels left.
You didn't know any spells.
Your spell library contained the following spells:

 Spells                   Type           Power      Damage    Failure   Level
 Blink                    Tloc           14%        N/A       100%        2
 Gell's Gravitas          Tloc           7%         N/A       100%        3
 Lesser Beckoning         Tloc           7%         N/A       100%        3
 Teleport Other           Tloc           7%         N/A       100%        3
 Manifold Assault         Tloc           7%         N/A       100%        5

Inventory:

Hand Weapons
 k - a +0 flail
 Y - a +1 war axe (weapon)
Armour
 d - a +2 pair of gloves (worn)
 n - a +1 plate armour (worn)
Jewellery
 b - a +4 ring of evasion (left hand)
Scrolls
 m - a scroll of identify
Potions
 c - a potion of mutation {unknown}
 e - a potion of haste {unknown}
 f - a potion of degeneration {unknown}
 g - a potion of resistance
 l - a potion of attraction {unknown}

Dungeon Overview and Level Annotations

Branches:
Dungeon (5/15)
 Temple: D:4-7

Altars:
Fedhas
Trog
Uskayaw
Vehumet

Shops:
D:3 (

Portals:
Sewer: D:5

Annotations:
D:4 Grinder
D:5 Pikel, Sigmund


Message History

You hit the lemure but do no damage. You claw the lemure.
The lemure is heavily wounded.
You hit Pikel. You hit the lemure. The lemure hits you but does no damage.
Something hits you but does no damage. Pikel hits you but does no damage.
You are electrocuted!
The lemure closely misses you.
You barely miss the lemure. Your kick misses the lemure.
The lemure is heavily wounded.
You closely miss Pikel. You closely miss the lemure. You hit the iguana.
The lemure hits you. The iguana closely misses you.
The lemure closely misses you. Pikel hits you but does no damage.
Something hits you but does no damage.
You hit the lemure. You claw the lemure, but do no damage.
The lemure is severely wounded.
You closely miss the iguana. You slash Pikel! You hit the lemure.
The iguana bites you but does no damage.
The lemure hits you but does no damage. The lemure closely misses you.
Pikel hits you but does no damage. The lemure barely misses you.
The iguana bites you. Something hits you but does no damage.
You slash Pikel! You punch Pikel, but do no damage.
Pikel is heavily wounded.
You hit the iguana but do no damage. You hit the lemure but do no damage.
You slash the lemure! Pikel barely misses you.
The lemure hits you but does no damage. x2
The iguana completely misses you.
Pikel hits you with a +0 whip of electrocution!
The lemure barely misses you.
You barely miss the lemure. Your kick misses the lemure.
You peck the lemure, but do no damage. You punch the lemure, but do no damage.
The lemure is almost dead.
You closely miss Pikel. You closely miss the lemure. You hit the iguana.
Something hits you but does no damage. The iguana closely misses you.
The lemure barely misses you.
Pikel splashes around in the water.
The lemure splashes around in the water.
You hit the lemure. Your kick misses the lemure. Your peck misses the lemure.
The lemure is almost dead.
You barely miss Pikel. You barely miss the lemure. You hit the iguana.
The iguana bites you but does no damage.
The lemure hits you but does no damage. Something hits you.
You die...

##..## #.. . #...# #..
.. ##..## #.. ... ##..##
#.. .... ##..## #..
...#.####..## #..
..........## ##..
..#...#5l## ###...
..~~~{K@..# ###.....
#~~~~~5~#.# ##.......
~~~~~~~~..# ##........
.~~~\~~~...####.........
.~~~~~~~................
#~~~~~~~#.###...........
..~~~~~...# ##....######
..#~.~#..## ##.### #
##.#


You could see Pikel, 2 lemures and an iguana.

Vanquished Creatures
  An ogre (D:5)
  2 lemures (D:5)
  A scorpion (D:5)
  A hound (D:4)
  Jessica (D:2)
  An orc wizard (D:3)
  2 adders
  3 dart slugs
  5 orcs
  3 ball pythons
  10 endoplasms
  7 giant cockroaches
  8 goblins
  4 hobgoblins
  7 jackals
  2 quokkas (D:2)
  A bat (D:2)
  A frilled lizard (D:3)
  5 kobolds
  3 rats
68 creatures vanquished.

Vanquished Creatures (others)
  A plant (D:4)
1 creature vanquished.

Grand Total: 69 creatures vanquished

Notes
Turn   | Place    | Note
-------+----------+-------------------------------------------
     0 | D:1      | qw the Tengu Warper began the quest for the Orb.
     0 | D:1      | Reached XP level 1. HP: 12/12 MP: 4/4
     0 | D:1      | 0 ||| qw: Version: 0.1-a-89-g26bdef1
     0 | D:1      | 0 ||| qw: Game counter: 780
     0 | D:1      | 0 ||| qw: Always use a shield: true
     0 | D:1      | 0 ||| qw: God list: Okawaru
     0 | D:1      | 0 ||| qw: Allow faded altars: false
     0 | D:1      | 0 ||| qw: Do Orc after D:15 true
     0 | D:1      | 0 ||| qw: Do second Lair branch before Depths: true
     0 | D:1      | 0 ||| qw: Lair rune preference: random
     0 | D:1      | 0 ||| qw: Plans: Normal
     0 | D:1      | 0 ||| PLANNING D:1-11
     1 | D:1      | Noticed a green draconian
     2 | D:1      | Noticed a large abomination
     6 | D:1      | Noticed a large abomination
     7 | D:1      | Noticed an orb of fire
     8 | D:1      | Noticed an orb of fire
     9 | D:1      | Noticed a purple draconian
    11 | D:1      | Noticed an orb of fire
    13 | D:1      | Noticed an iron dragon
    15 | D:1      | Noticed a tentacled monstrosity
    17 | D:1      | Noticed an ice dragon
    19 | D:1      | Noticed a green draconian
    19 | D:1      | Noticed an iron dragon
    21 | D:1      | Noticed an ice dragon
   194 | D:1      | Reached skill level 3 in Axes
   194 | D:1      | Reached XP level 2. HP: 17/17 MP: 6/6
   214 | D:1      | 214 ||| Stepping ~*~*~tactically~*~*~ (stealth).
   217 | D:1      | 217 ||| Stepping ~*~*~tactically~*~*~ (stealth).
   296 | D:1      | 296 ||| Stepping ~*~*~tactically~*~*~ (hiding).
   304 | D:1      | 304 ||| Stepping ~*~*~tactically~*~*~ (stealth).
   305 | D:1      | 305 ||| Stepping ~*~*~tactically~*~*~ (stealth).
   307 | D:1      | 307 ||| Stepping ~*~*~tactically~*~*~ (stealth).
   309 | D:1      | 309 ||| Stepping ~*~*~tactically~*~*~ (stealth).
   311 | D:1      | 311 ||| Stepping ~*~*~tactically~*~*~ (hiding).
   448 | D:1      | Found a faded altar of an unknown god.
   487 | D:1      | 487 ||| Stepping ~*~*~tactically~*~*~ (stealth).
   492 | D:1      | 492 ||| Stepping ~*~*~tactically~*~*~ (stealth).
   528 | D:1      | 528 ||| SWAPPING to +1 hand axe of electrocution.
   529 | D:1      | 529 ||| DROPPING +0 hand axe.
   822 | D:1      | 822 ||| UPGRADING to +0 pair of gloves.
   827 | D:1      | 827 ||| UPGRADING to +0 plate armour.
   837 | D:1      | 837 ||| DROPPING +0 leather armour.
   838 | D:1      | 838 ||| READING 2 scrolls labelled POGE AGADI.
   839 | D:1      | 839 ||| READING scroll labelled XILLON XEGRUNA.
   840 | D:1      | 840 ||| READING scroll labelled MIXKUDEENN.
   841 | D:1      | 841 ||| READING scroll labelled EVIUDO ZICSUOC.
   842 | D:1      | 842 ||| READING scroll labelled UDEROSTO ELEUQ.
   843 | D:1      | 843 ||| DRINKING 2 viscous clear potions.
   844 | D:1      | 844 ||| DROPPING scroll of blinking.
   863 | D:2      | Reached XP level 3. HP: 19/21 MP: 7/7
  1022 | D:2      | Noticed Jessica
  1030 | D:2      | Killed Jessica
  1031 | D:2      | Reached skill level 4 in Axes
  1230 | D:2      | 1230 ||| Stepping ~*~*~tactically~*~*~ (hiding).
  1231 | D:2      | 1231 ||| Stepping ~*~*~tactically~*~*~ (hiding).
  1378 | D:2      | Reached XP level 4. HP: 26/26 MP: 8/8
  1410 | D:2      | 1410 ||| FLEEEEING.
  1411 | D:2      | 1411 ||| FLEEEEING.
  1412 | D:2      | 1412 ||| FLEEEEING.
  1413 | D:2      | 1413 ||| FLEEEEING.
  1414 | D:2      | 1414 ||| FLEEEEING.
  1415 | D:2      | 1415 ||| FLEEEEING.
  1416 | D:2      | 1416 ||| FLEEEEING.
  1417 | D:2      | 1417 ||| FLEEEEING.
  1418 | D:2      | 1418 ||| FLEEEEING.
  1419 | D:2      | 1419 ||| FLEEEEING.
  1420 | D:2      | 1420 ||| FLEEEEING.
  1424 | D:2      | 1424 ||| FLEEEEING.
  1425 | D:2      | 1425 ||| FLEEEEING.
  1428 | D:2      | 1428 ||| FLEEEEING.
  1429 | D:2      | 1429 ||| FLEEEEING.
  1430 | D:2      | 1430 ||| FLEEEEING.
  1431 | D:2      | 1431 ||| FLEEEEING.
  1432 | D:2      | 1432 ||| FLEEEEING.
  1433 | D:2      | 1433 ||| FLEEEEING.
  1434 | D:2      | 1434 ||| FLEEEEING.
  1435 | D:2      | 1435 ||| FLEEEEING.
  1436 | D:2      | 1436 ||| FLEEEEING.
  1437 | D:2      | 1437 ||| FLEEEEING.
  1438 | D:2      | 1438 ||| FLEEEEING.
  1439 | D:2      | 1439 ||| FLEEEEING.
  1440 | D:2      | 1440 ||| FLEEEEING.
  1484 | D:2      | 1484 ||| Stepping ~*~*~tactically~*~*~ (stealth).
  1547 | D:2      | 1547 ||| DROPPING +0 whip.
  1759 | D:2      | 1759 ||| UPGRADING to +4 ring of evasion.
  1760 | D:2      | 1760 ||| READING 2 scrolls labelled XAREUR MAQEBO.
  1764 | D:2      | 1764 ||| READING 2 scrolls labelled KUCISIZ XYMOUPP.
  1765 | D:2      | 1765 ||| READING scroll of brand weapon.
  1765 | D:2      | 1765 ||| BRANDING +1 hand axe of protection.
  1766 | D:2      | 1766 ||| READING scroll labelled TOREMP HIUGI.
  1767 | D:2      | 1767 ||| DRINKING 2 sedimented golden potions.
  1768 | D:2      | 1768 ||| DRINKING 3 sapphire potions.
  1769 | D:2      | 1769 ||| READING 2 scrolls of identify.
  1769 | D:2      | 1769 ||| IDENTIFYING amethyst potion
  1770 | D:2      | 1770 ||| DROPPING potion of brilliance.
  1771 | D:2      | 1771 ||| DROPPING potion of flight.
  1808 | D:3      | 1808 ||| Stepping ~*~*~tactically~*~*~ (stealth).
  1840 | D:3      | 1840 ||| Stepping ~*~*~tactically~*~*~ (stealth).
  1844 | D:3      | 1844 ||| Stepping ~*~*~tactically~*~*~ (stealth).
  1845 | D:3      | 1845 ||| Stepping ~*~*~tactically~*~*~ (stealth).
  1879 | D:3      | Found a bloodstained altar of Trog.
  1881 | D:3      | 1881 ||| READING scroll of enchant weapon.
  1881 | D:3      | 1881 ||| ENCHANTING +2 hand axe of venom.
  1882 | D:3      | 1882 ||| Stepping ~*~*~tactically~*~*~ (stealth).
  1965 | D:3      | 1965 ||| READING scroll of enchant armour.
  1965 | D:3      | 1965 ||| ENCHANTING +0 pair of gloves.
  2181 | D:3      | Reached skill level 5 in Axes
  2181 | D:3      | Gained mutation: Your magical nature lets you fly swiftly
                  | and evasively. [Tengu growth]
  2181 | D:3      | Reached XP level 5. HP: 23/30 MP: 9/9
  2312 | D:3      | 2312 ||| READING 2 scrolls of enchant armour.
  2312 | D:3      | 2312 ||| ENCHANTING +1 pair of gloves.
  2313 | D:3      | 2313 ||| READING scroll of enchant armour.
  2313 | D:3      | 2313 ||| ENCHANTING +0 plate armour.
  2464 | D:3      | Found Titwaenu's Antique Weapon Shoppe.
  2472 | D:3      | 2472 ||| BUYING war axe (112 gold).
  2472 | D:3      | Bought a war axe for 112 gold pieces
  2472 | D:3      | 2472 ||| SWAPPING to +0 war axe.
  2473 | D:3      | 2473 ||| DROPPING +3 hand axe of venom.
  2529 | D:3      | 2529 ||| READING scroll labelled DUSTRU PIEFYTOI.
  2727 | D:4      | Noticed Grinder
  2728 | D:4      | 2728 ||| Stepping ~*~*~tactically~*~*~ (hiding).
  2729 | D:4      | 2729 ||| Stepping ~*~*~tactically~*~*~ (hiding).
  2731 | D:4      | 2731 ||| Stepping ~*~*~tactically~*~*~ (hiding).
  2740 | D:4      | HP: 7/30 [Grinder/nerve-wracking pain (4)]
  2741 | D:4      | 2741 ||| READING scroll of teleportation.
  2742 | D:4      | 2742 ||| DRINKING 2 potions of heal wounds.
  2743 | D:4      | Paralysed by Grinder for 4 turns
  2835 | D:4      | 2835 ||| READING scroll of enchant weapon.
  2835 | D:4      | 2835 ||| ENCHANTING +0 war axe.
  2847 | D:4      | Found a hide-covered altar of Uskayaw.
  2847 | D:4      | Found a radiant altar of Vehumet.
  2949 | D:4      | Found a blossoming altar of Fedhas.
  3011 | D:4      | 3011 ||| DRINKING 2 purple potions.
  3012 | D:4      | 3012 ||| DROPPING potion of magic.
  3025 | D:5      | Entered Level 5 of the Dungeon
  3026 | D:5      | 3026 ||| PLANNING SEWER
  3089 | D:5      | Reached skill level 6 in Axes
  3089 | D:5      | Reached XP level 6. HP: 35/35 MP: 10/10
  3178 | D:5      | Reached skill level 3 in Armour
  3262 | D:5      | Found a glowing drain.
  3263 | D:5      | 3263 ||| READING scroll labelled SIJ ZOOSUNN.
  3451 | D:5      | Noticed Pikel
  3458 | D:5      | Noticed Sigmund
  3464 | D:5      | HP: 5/35 [lemure[Pikel] (5)]
  3465 | D:5      | 3465 ||| DRINKING potion of heal wounds.
  3469 | D:5      | HP: 1/35 [Pikel/+0 whip of electrocution (7)]
  3471 | D:5      | Slain by Sigmund

Levels and vault maps discovered:
D:1:      shiori_arrival_whats_in_store_for_you, layout_rooms,
          hellmonk_ecumenical_altar_crossroads
D:2:      layout_basic, minivault_25, uniq_jessica
D:3:      layout_loops_ring, trog_three_pillars_becter, serial_shops,
          shop_fountains
D:4:      layout_basic, lemuel_doored_altar,
          chequers_temple_overflow_statue_of_worship, serial_bayou_pond_c,
          supply_closet_lemuel, dk_noncrumbling_3, uniq_crazy_yiuf_cottage,
          uniq_grinder
D:5:      layout_layer_cave, cheibrodos_sewer_entry_drain, uniq_sigmund,
          uniq_pikel

Skill      XL: |  1  2  3  4  5  6 |
---------------+-------------------+-----
Axes           | 3 4 5 6 |  6.5
Armour         | 2 3 |  3.3
Fighting       | |  2.0
Throwing       | |  1.0
Dodging        | |  2.1
Spellcasting   | |  2.0
Translocations | |  2.4

Action                   |  1- 3 |  4- 6 || total
-------------------------+-------+-------++-------
Melee: Hand axe          |    56 |    46 ||   102
       Kick              |    11 |    35 ||    46
       Punch             |     1 |     3 ||     4
       Peck              |     5 |    23 ||    28
       War axe           |       |    83 ||    83
Throw: Boomerang         |     7 |       ||     7
  Use: Scroll            |     5 |    13 ||    18
       Potion            |     1 |     5 ||     6
Armor: Leather armour    |     8 |       ||     8
       Plate armour      |    12 |    90 ||   102
Dodge: Dodged            |     7 |    46 ||    53

Table legend:
 A = Non-vault XP
 B = Vault XP
 C = Vault XP percentage of total XP
 D = Non-vault monster count
 E = Vault monster count
 F = Vault count percentage of total count
                 A         B        C        D         E       F
            +---------+---------+-------+---------+---------+-------
      Total |     426 |      42 |   9.0 |      62 |       4 |   6.1
            +---------+---------+-------+---------+---------+-------
        D:1 |      31 |       0 |   0.0 |      17 |       0 |   0.0
        D:2 |      31 |      37 |  54.4 |      16 |       1 |   5.9
        D:3 |      80 |       0 |   0.0 |      17 |       0 |   0.0
        D:4 |      57 |       0 |   0.0 |       6 |       0 |   0.0
        D:5 |     227 |       5 |   2.2 |       6 |       3 |  33.3
            +---------+---------+-------+---------+---------+-------
